 Dungeon Crawl Stone Soup version 0.19.1 (webtiles) character file.

26 Fartwhistle the Chucker (level 3, -2/36 HPs)
             Began as an Ogre Hunter on Dec 25, 2016.
             Slain by a hobgoblin (4 damage)
             ... on level 1 of the Dungeon.
             The game lasted 00:02:54 (877 turns).

Fartwhistle the Chucker (Ogre Hunter)                Turns: 877, Time: 00:02:54

Health: -2/36      AC:  3    Str: 15 (17) XL:     3   Next: 8%
Magic:  3/3        EV: 10    Int:  8 (10) God:
Gold:   76         SH:  0    Dex:  9 (11) Spells: 0 memorised, 2 levels left

rFire  . . .     SeeInvis .     e - +0 club
rCold  . . .     Gourm    .     b - +0 robe
rNeg   . . .     Faith    .     (no shield)
rPois  .         Spirit   .     (helmet restricted)
rElec  .         Reflect  .     (no cloak)
rCorr  .         Harm     .     (gloves unavailable)
MR     .....                    (boots unavailable)
Stlth  +.........               (no amulet)
                                (no ring)
                                (no ring)

@: no status effects
A: unfitting armour, tough skin 1
a: no special abilities


You were on level 1 of the Dungeon.
You were not hungry.

You visited 1 branch of the dungeon, and saw 1 of its levels.

You collected 76 gold pieces.

Inventory:

Hand Weapons
 e - a +0 club (weapon)
   (You took it off a hobgoblin on level 1 of the Dungeon)
Missiles
 c - 4 large rocks (quivered)
 d - 2 throwing nets
Armour
 b - a +0 robe (worn)
Jewellery
 l - a +5 amulet of reflection {unknown}
   (You found it on level 1 of the Dungeon)
Scrolls
 g - a scroll of enchant armour {unknown}
 j - a scroll of remove curse {unknown}
 k - a scroll of fog {unknown}
 m - a scroll of identify {unknown}
Potions
 i - a potion of brilliance {unknown}
Comestibles
 f - a bread ration


   Skills:
 - Level 2.6 Fighting
 + Level 1.6 Maces & Flails
 + Level 4.4 Throwing
 + Level 2.2 Dodging
 - Level 0.6 Stealth


You had 2 spell levels left.
You didn't know any spells.

Dungeon Overview and Level Annotations

Branches:
Dungeon (1/15)

Altars:


Innate Abilities, Weirdness & Mutations

You are too large for most types of armour.
You have tough skin. (AC +1)


Message History

The rat bites you but does no damage.
The jackal bites you but does no damage.
The rat bites you but does no damage.
You hit the jackal.
You kill the jackal!
The rat bites you but does no damage. The goblin hits you.
* * * LOW HITPOINT WARNING * * *
You closely miss the goblin. The rat bites you.
* * * LOW HITPOINT WARNING * * *
The goblin hits you but does no damage.
You take 1 damage, and have 20/43 hp.
You closely miss the goblin. The rat bites you but does no damage.
The goblin hits you but does no damage.
You hit the goblin. The rat bites you but does no damage.
The goblin hits you but does no damage.
You hit the goblin.
You kill the goblin!
You have reached level 3!
Your experience leads to an increase in your attributes!
Your base attributes are Str 16, Int 10, Dex 10.
Increase (S)trength, (I)ntelligence, or (D)exterity?
You feel agile.
You feel stronger. The rat bites you but does no damage.
The kobold throws a stone.
The stone hits you but does no damage. The rat bites you but does no damage.
You regained 6 hp, and now have 26/54 hp.
MP restored: 3 You closely miss the jackal.
The jackal bites you but does no damage. x2
The rat bites you but does no damage.
You hit the jackal.
You feel less woody.
Your +0 robe unmelds from your body.
The jackal bites you.
* * * LOW HITPOINT WARNING * * *
The frilled lizard hisses.
The rat bites you but does no damage. The jackal misses you.
You now have 15/36 hp.
You barely miss the jackal.
The jackal bites you but does no damage.
The rat barely misses you. The jackal closely misses you.
You hit the jackal but do no damage. The rat misses you.
The jackal closely misses you. The rat barely misses you.
You hit the jackal.
The jackal bites you but does no damage.
The jackal bites you.
* * * LOW HITPOINT WARNING * * *
The rat bites you.
* * * LOW HITPOINT WARNING * * *
You take 4 damage, and have 11/36 hp.
You miss the jackal.
The jackal bites you but does no damage.
The rat bites you but does no damage.
The jackal bites you but does no damage.
You completely miss the jackal. The jackal bites you.
* * * LOW HITPOINT WARNING * * *
The rat misses you.
You take 1 damage, and have 11/36 hp.
You barely miss the jackal.
The jackal bites you but does no damage.
The rat bites you but does no damage. The jackal closely misses you.
The rat bites you but does no damage.
You hit the jackal but do no damage.
The jackal bites you but does no damage.
The jackal closely misses you. The rat closely misses you.
You closely miss the jackal. The jackal barely misses you.
The rat barely misses you.
The jackal bites you but does no damage.
You hit the jackal.
You kill the jackal!
The rat bites you but does no damage.
You closely miss the kobold. The rat bites you but does no damage.
The kobold misses you.
You hit the kobold but do no damage. The rat bites you.
* * * LOW HITPOINT WARNING * * *
The kobold completely misses you. The rat misses you.
You take 1 damage, and have 10/36 hp.
You barely miss the kobold. The kobold closely misses you.
The rat closely misses you. The kobold hits you.
* * * LOW HITPOINT WARNING * * *
You take 1 damage, and have 9/36 hp.
You closely miss the kobold. The rat bites you but does no damage.
The kobold barely misses you.
You closely miss the kobold. The rat bites you.
* * * LOW HITPOINT WARNING * * *
The kobold barely misses you.
You take 3 damage, and have 6/36 hp.
You hit the kobold.
You kill the kobold!
The rat misses you. The rat closely misses you.
You hit the hobgoblin but do no damage. The hobgoblin hits you.
* * * LOW HITPOINT WARNING * * *
The rat bites you.
* * * LOW HITPOINT WARNING * * *
The hobgoblin barely misses you.
You take 4 damage, and have 2/36 hp.
You hit the hobgoblin but do no damage. The rat bites you.
* * * LOW HITPOINT WARNING * * *
The hobgoblin closely misses you.
You barely miss the hobgoblin. The rat barely misses you.
The hobgoblin hits you.
You die...

#.####.#.........#.......#
#.#^##.......#####.......#
#.#####......# #.......#
..#^# #......# ##†######
##### ####.#.# #.# #^#
.#.# ##.# ### .. #
#..######## #^# #..
####..#....... ####
.##.@gl)..# .#Z#
#r##.#..######. .### #.
#.#......... .#^# #.
#l##...#.##. .#### ..
#......# ..#Z# #. #......#
..### .. ##%....# ..#^# #.
##...## ..### #....#


You could see a hobgoblin, a frilled lizard and a rat.

Vanquished Creatures
  A leopard gecko (D:1)
  A goblin (D:1)
  4 hobgoblins (D:1)
  7 jackals (D:1)
  A kobold (D:1)
  2 bats (D:1)
  3 frilled lizards (D:1)
  3 rats (D:1)
22 creatures vanquished.

Notes
Turn   | Place    | Note
-------+----------+-------------------------------------------
     0 | D:1      | Fartwhistle the Ogre Hunter began the quest for the Orb.
     0 | D:1      | Reached XP level 1. HP: 22/22 MP: 1/1
     2 | D:1      | Noticed a merfolk zombie
     4 | D:1      | Noticed a merfolk zombie
    10 | D:1      | Noticed a merfolk zombie
    18 | D:1      | Noticed a merfolk zombie
    54 | D:1      | Reached skill level 2 in Dodging
   320 | D:1      | Reached XP level 2. HP: 29/29 MP: 2/2
   681 | D:1      | Reached skill level 1 in Maces & Flails
   826 | D:1      | HP: 6/29 [jackal (3)]
   831 | D:1      | HP: 1/43 [hobgoblin (2)]
   857 | D:1      | Reached XP level 3. HP: 25/36 MP: 3/3
   871 | D:1      | HP: 9/36 [kobold (1)]
   875 | D:1      | HP: 2/36 [rat (3)]
   877 | D:1      | Slain by a hobgoblin

Skill      XL: |  1  2 |
---------------+-------+-----
Dodging        | 2 |  2.2
Maces & Flails | 1 |  1.6
Fighting       | |  2.6
Throwing       | |  4.4
Stealth        | |  0.6

Action                   || total
-------------------------++-------
Melee: Short sword       ||    21
       Club              ||   101
Throw: Large rock        ||     1
  Use: Potion            ||     3
 Stab: Distracted        ||     1
Armor: Robe              ||    49
       Skin              ||    69
Dodge: Dodged            ||    90

Vault maps used:
D:1:      shiori_arrival_whats_in_store_for_you, grunt_decor_arrowhead,
          minmay_hexomino_p4

Table legend:
 A = Turns spent in this place as a percentage of turns spent in the entire game.
 B = Non-inter-level travel turns spent in this place as a percentage of non-inter-level travel turns spent in the entire game.
 C = Inter-level travel turns spent in this place as a percentage of turns spent in this place.
 D = Turns resting spent in this place as a percentage of non-inter-level travel turns spent in this place.
 E = Turns spent auto-exploring this place as a percentage of non-inter-level travel turns spent in this place.
 F = Non-inter-level travel turns spent in this place divided by the number of levels of this place that you've seen.
                   A       B       C       D       E      F
               +-------+-------+-------+-------+-------+----------------------
         Total | 100.0 | 100.0 |   0.0 |   0.8 |   5.9 | 254.0
       Dungeon | 100.0 | 100.0 |   0.0 |   0.8 |   5.9 | 254.0
               +-------+-------+-------+-------+-------+----------------------

Table legend:
 A = Kills in this place as a percentage of kills in entire the game.
 B = Kills by you in this place as a percentage of kills by you in the entire game.
 C = Kills by friends in this place as a percentage of kills by friends in the entire game.
 D = Other kills in this place as a percentage of other kills in the entire game.
 E = Experience gained in this place as a percentage of experience gained in the entire game.
 F = Experience gained in this place divided by the number of levels of this place that you have seen.
                   A       B       C       D       E      F
               +-------+-------+-------+-------+-------+----------------------
         Total | 100.0 | 100.0 |  -nan |  -nan | 100.0 |  38.0
       Dungeon | 100.0 | 100.0 |  -nan |  -nan | 100.0 |  38.0
               +-------+-------+-------+-------+-------+----------------------
